 Dungeon Sprint DCSS version 0.30-a0-122-g2a1322497e (webtiles) character file.

Game seed: 9280104500483526385

9300000 snetch the Axe Maniac (level 27, -18/273 HPs)
             Began as a Minotaur Berserker on Sept 16, 2022.
             Was the Champion of Makhleb.
             Engulfed by a cloud of flame (29 damage)
             ... in the Dungeon (Sprint VIII: "Arena of Blood").
             The game lasted 00:06:26 (93 turns).

snetch the Axe Maniac (Minotaur Berserker)            Turns: 93, Time: 00:06:27

Health: -18/273    AC:  4    Str: 32    XL:     27
Magic:  29/53      EV: 26    Int:  4    God:    Makhleb [******]
Gold:   0          SH:  0    Dex: 14    Spells: 80/80 levels left

rFire   . . .      SeeInvis .    i - +∞ Axe of Woe
rCold   . . .      Faith    .    (shield currently unavailable)
rNeg    . . .      Spirit   .    b - +0 animal skin
rPois   .          Reflect  .    (helmet restricted)
rElec   .          Harm     .    (no cloak)
rCorr   .          Rampage  .    (no gloves)
Will    ++...      NoTele   +    (no boots)
Stlth   +++++++++.               (no amulet)
HPRegen 0.55/turn                (no ring)
MPRegen 0.33/turn                (no ring)

@: slowed, very slow
A: horns 2, retaliatory headbutt
a: Renounce Religion, Minor Destruction, Lesser Servant of Makhleb, Major
Destruction, Greater Servant of Makhleb


You were in the Dungeon.
You worshipped Makhleb.
Makhleb was exalted by your worship.
You visited 1 branch

Inventory:

Hand Weapons
 a - a +0 hand axe
 i - the +∞ Axe of Woe (weapon)
   (You found it in the Dungeon)
Armour
 b - a +0 animal skin (worn)
Scrolls
 h - a scroll of blinking
Potions
 c - a potion of curing
 d - a potion of heal wounds
 e - a potion of haste
 f - 2 potions of magic
 g - a potion of berserk rage


   Skills:
 O Level 27 Fighting
 O Level 27 Short Blades
 O Level 27 Long Blades
 O Level 27 Axes
 O Level 27 Maces & Flails
 O Level 27 Polearms
 O Level 27 Staves
 O Level 27 Ranged Weapons
 O Level 27 Throwing
 O Level 27 Armour
 O Level 27 Dodging
 O Level 27 Stealth
 O Level 27 Shields
 O Level 27 Unarmed Combat
 O Level 27 Spellcasting
 O Level 27 Conjurations
 O Level 27 Hexes
 O Level 27 Summonings
 O Level 27 Necromancy
 O Level 27 Translocations
 O Level 27 Transmutations
 O Level 27 Fire Magic
 O Level 27 Ice Magic
 + Level 26.1 Air Magic
 O Level 27 Earth Magic
 + Level 25.9 Poison Magic
 O Level 27 Invocations
 O Level 27 Evocations


You had 80 spell levels left.
You didn't know any spells.
Your spell library was empty.

Dungeon Overview and Level Annotations

Branches:
Dungeon (1/1)

Altars:
Makhleb


Innate Abilities, Weirdness & Mutations

You have a pair of horns on your head.
You reflexively headbutt those who attack you in melee.


Message History

The tyrant casts a spell.
The tyrant seems to speed up.
The tyrant mumbles some strange words.
The tyrant seems to speed up.
You hear a shout! x4
The eight-headed meat hydra calls on the powers of darkness!
The eight-headed meat hydra convulses!
The bag of meat convulses!
The large bag of meat convulses!
Flame seeps out of the large bag of meat.
Your body is wracked with pain!
* * * LOW HITPOINT WARNING * * *
The bag of meat convulses!
Unknown command.
You hear a shout! x7
The bag of meat is engulfed in blazing flames.
The large bag of meat is engulfed in blazing flames.
You hear a shout!
The tyrant gestures wildly while chanting.
You hear a shout! x2
The eight-headed meat hydra calls on the powers of darkness!
The eight-headed meat hydra convulses!
The bag of meat convulses!
The large bag of meat convulses!
Flame seeps out of the large bag of meat.
Your body is wracked with pain!
* * * LOW HITPOINT WARNING * * *
The bag of meat convulses!
The bag of meat is engulfed in blazing flames.
The large bag of meat is engulfed in blazing flames.
You slice the large bag of meat!!
You butcher the large bag of meat messily.
Makhleb accepts your kill.
You feel better.
You slice the bag of meat!!
You pulverise the bag of meat into a thin bloody mist.
You blow up the bag of meat!
Makhleb accepts your kill.
The large bag of meat explodes!
The fiery explosion engulfs you!!
* * * LOW HITPOINT WARNING * * *
The fiery explosion engulfs the tyrant!
You are engulfed in blazing flames.
You die...

#.....##..X.#..)....#.
#....#..L.X...#)))))..
#....#......))))))))).
#.....XXX.X.)))))###).
#..........))......#..
#...D...))).)).....#..
#....†..).#)..........
#....§.°o#.#.#........
#....@§§.M#.#.........
#..###§L.#.#.#O.......
#. ##...#.#.....#.. #
#............
..##.......# .. #...
.. ..#


You could see an accursed, a tentacled monstrosity (summoned), 2 tyrants, an
eight-headed meat hydra, 4 large abominations and a bag of meat.

Vanquished Creatures
  8 hell beasts (D)
  4 royal mummies (D)
  A wraith (D)
  11 vampire knights (D)
  24 ogres (D)
  6 two-headed ogres (D)
  3 liches (D)
  2 hydras (D)
  2 phantoms (D)
  58 orcs (D)
  5 skeletal warriors (D)
124 creatures vanquished.

Notes
Turn   | Place    | Note
-------+----------+-------------------------------------------
     0 | D        | Found the +∞ Axe of Woe
     0 | D        | snetch the Minotaur Berserker began the quest for the Orb.
     0 | D        | Reached XP level 1. HP: 19/19 MP: 0/0
     1 | D        | Noticed a bag of meat
     1 | D        | Noticed a bag of meat
     3 | D        | Fell from the grace of Trog
     3 | D        | Became a worshipper of Makhleb the Destroyer
     3 | D        | Noticed a bag of meat
     9 | D        | Killed a bag of meat
     9 | D        | Noticed a bag of meat
     9 | D        | Noticed a bag of meat
     9 | D        | Noticed a bag of meat
    10 | D        | Reached skill level 10 in Armour
    10 | D        | Reached XP level 2. HP: 55/55 MP: 1/1
    10 | D        | Reached XP level 3. HP: 62/62 MP: 2/2
    10 | D        | Reached XP level 4. HP: 70/70 MP: 3/3
    10 | D        | Reached XP level 5. HP: 77/77 MP: 4/4
    10 | D        | Reached XP level 6. HP: 85/85 MP: 5/5
    10 | D        | Reached XP level 7. HP: 92/92 MP: 6/6
    10 | D        | Reached XP level 8. HP: 100/100 MP: 7/7
    10 | D        | Reached XP level 9. HP: 107/107 MP: 8/8
    10 | D        | Reached XP level 10. HP: 115/115 MP: 9/9
    10 | D        | Killed a bag of meat
    10 | D        | Reached * piety under Makhleb
    11 | D        | Reached XP level 11. HP: 129/129 MP: 10/10
    12 | D        | Noticed a bag of meat
    12 | D        | Noticed a bag of meat
    13 | D        | Noticed a large bag of meat
    13 | D        | Noticed a meat berserker
    13 | D        | Noticed a meat berserker
    13 | D        | Noticed a bag of meat
    13 | D        | Noticed a bag of meat
    14 | D        | Killed a bag of meat
    15 | D        | Reached XP level 12. HP: 143/143 MP: 11/11
    15 | D        | Noticed a meat berserker
    16 | D        | Killed a bag of meat
    16 | D        | Noticed a meat berserker
    17 | D        | Reached XP level 13. HP: 154/154 MP: 12/12
    17 | D        | Noticed a bag of meat
    18 | D        | Killed a meat berserker
    18 | D        | Reached ** piety under Makhleb
    18 | D        | Killed a bag of meat
    18 | D        | Noticed a bag of meat
    18 | D        | Noticed a bag of meat
    18 | D        | Noticed a bag of meat
    19 | D        | Reached skill level 27 in Fighting
    19 | D        | Reached skill level 27 in Axes
    19 | D        | Reached XP level 14. HP: 168/168 MP: 13/13
    19 | D        | Killed a bag of meat
    20 | D        | Noticed a bag of meat
    20 | D        | Noticed a meat berserker
    20 | D        | Noticed a meat berserker
    20 | D        | Noticed a bag of meat
    20 | D        | Noticed a large bag of meat
    21 | D        | Killed a bag of meat
    21 | D        | Reached *** piety under Makhleb
    21 | D        | Noticed a bag of meat
    21 | D        | Noticed a meat berserker
    22 | D        | Killed a meat berserker
    22 | D        | Noticed a bag of meat
    22 | D        | Noticed a bag of meat
    23 | D        | Reached XP level 15. HP: 124/174 MP: 14/14
    23 | D        | Noticed a destroyer
    24 | D        | Killed a meat berserker
    24 | D        | Reached **** piety under Makhleb
    24 | D        | Noticed a meat berserker
    25 | D        | Reached skill level 27 in Armour
    25 | D        | Reached skill level 27 in Dodging
    25 | D        | Killed a destroyer
    26 | D        | Reached skill level 5 in Throwing
    26 | D        | Reached skill level 5 in Stealth
    26 | D        | Reached skill level 5 in Invocations
    26 | D        | Reached skill level 5 in Evocations
    26 | D        | Reached XP level 16. HP: 183/183 MP: 14/19
    26 | D        | Killed a meat berserker
    26 | D        | Reached ***** piety under Makhleb
    26 | D        | Killed a large bag of meat
    27 | D        | Reached skill level 10 in Short Blades
    27 | D        | Reached skill level 10 in Staves
    27 | D        | Reached skill level 10 in Ranged Weapons
    27 | D        | Reached skill level 10 in Shields
    27 | D        | Reached skill level 10 in Unarmed Combat
    27 | D        | Reached XP level 17. HP: 51/191 MP: 14/22
    27 | D        | Killed a meat berserker
    28 | D        | Reached skill level 10 in Throwing
    28 | D        | Reached skill level 10 in Invocations
    28 | D        | Noticed a large bag of meat
    28 | D        | Killed a meat berserker
    28 | D        | Noticed an eight-headed meat hydra
    29 | D        | Reached skill level 10 in Stealth
    29 | D        | Reached skill level 10 in Evocations
    29 | D        | Killed a large bag of meat
    29 | D        | Noticed a meat berserker
    30 | D        | Reached skill level 15 in Long Blades
    30 | D        | Reached skill level 15 in Maces & Flails
    30 | D        | Reached skill level 15 in Polearms
    30 | D        | Killed a meat berserker
    30 | D        | Reached ****** piety under Makhleb
    31 | D        | Reached skill level 15 in Staves
    31 | D        | Reached skill level 15 in Shields
    31 | D        | Reached XP level 18. HP: 125/200 MP: 14/26
    32 | D        | Reached skill level 15 in Short Blades
    32 | D        | Killed a nine-headed meat hydra
    33 | D        | Reached skill level 15 in Ranged Weapons
    33 | D        | Reached skill level 15 in Unarmed Combat
    34 | D        | Noticed a meat berserker
    34 | D        | Noticed a destroyer
    35 | D        | Reached skill level 15 in Throwing
    35 | D        | Reached skill level 15 in Invocations
    35 | D        | Reached XP level 19. HP: 201/207 MP: 15/29
    36 | D        | Killed a meat berserker
    36 | D        | Noticed a meat berserker
    38 | D        | Reached skill level 15 in Stealth
    38 | D        | Reached skill level 15 in Evocations
    38 | D        | Killed a large bag of meat
    38 | D        | Noticed a meat berserker
    39 | D        | Noticed a destroyer
    40 | D        | Noticed a destroyer
    40 | D        | Killed a meat berserker
    40 | D        | Noticed a large bag of meat
    41 | D        | Reached XP level 20. HP: 196/216 MP: 16/31
    41 | D        | Noticed a destroyer
    41 | D        | Noticed a meat berserker
    41 | D        | Noticed a destroyer
    42 | D        | Killed a destroyer
    42 | D        | Noticed a meat berserker
    44 | D        | Killed a meat berserker
    44 | D        | Killed a meat berserker
    44 | D        | Killed a meat berserker
    44 | D        | Noticed a large bag of meat
    45 | D        | Reached XP level 21. HP: 213/224 MP: 16/34
    46 | D        | Noticed an accursed
    47 | D        | Noticed a tyrant
    47 | D        | Killed a destroyer
    48 | D        | Reached skill level 27 in Long Blades
    48 | D        | Noticed a tyrant
    49 | D        | Reached skill level 27 in Maces & Flails
    49 | D        | Reached skill level 27 in Polearms
    49 | D        | Reached XP level 22. HP: 219/233 MP: 17/36
    49 | D        | Noticed an accursed
    49 | D        | Killed a destroyer
    50 | D        | Reached skill level 27 in Short Blades
    50 | D        | Reached skill level 27 in Staves
    50 | D        | Reached skill level 27 in Shields
    50 | D        | Killed a destroyer
    51 | D        | Killed a destroyer
    51 | D        | Killed a tyrant
    51 | D        | Noticed a destroyer
    52 | D        | Reached skill level 27 in Ranged Weapons
    52 | D        | Reached skill level 27 in Throwing
    52 | D        | Reached skill level 27 in Unarmed Combat
    52 | D        | Reached skill level 27 in Invocations
    52 | D        | Reached XP level 23. HP: 229/240 MP: 18/39
    54 | D        | Reached skill level 27 in Stealth
    54 | D        | Reached skill level 27 in Evocations
    54 | D        | Killed a large bag of meat
    54 | D        | Killed a large bag of meat
    54 | D        | Noticed a destroyer
    56 | D        | Noticed a tyrant
    56 | D        | Killed a tyrant
    57 | D        | Reached skill level 27 in Spellcasting
    57 | D        | Reached skill level 1 in Conjurations
    57 | D        | Reached skill level 1 in Hexes
    57 | D        | Reached skill level 1 in Summonings
    57 | D        | Reached skill level 1 in Necromancy
    57 | D        | Reached skill level 1 in Translocations
    57 | D        | Reached skill level 1 in Transmutations
    57 | D        | Reached skill level 1 in Fire Magic
    57 | D        | Reached skill level 1 in Ice Magic
    57 | D        | Reached skill level 1 in Air Magic
    57 | D        | Reached skill level 1 in Earth Magic
    57 | D        | Reached skill level 1 in Poison Magic
    57 | D        | Reached XP level 24. HP: 232/249 MP: 19/53
    57 | D        | Noticed an accursed
    57 | D        | Noticed a destroyer
    57 | D        | Noticed an accursed
    59 | D        | Reached skill level 5 in Transmutations
    59 | D        | Reached skill level 5 in Earth Magic
    59 | D        | Killed a destroyer
    60 | D        | Noticed a meat beast
    60 | D        | HP: 4/249 [accursed/divine providence (14)]
    61 | D        | Killed a destroyer
    61 | D        | Killed an accursed
    61 | D        | Killed an accursed
    62 | D        | Reached skill level 10 in Hexes
    62 | D        | Reached XP level 25. HP: 71/257 MP: 20/53
    62 | D        | Killed a destroyer
    63 | D        | Killed a tyrant
    64 | D        | Killed a meat beast
    65 | D        | Reached XP level 26. HP: 220/266 MP: 21/53
    66 | D        | Noticed a destroyer
    66 | D        | Noticed a destroyer
    67 | D        | Noticed a meat beast
    68 | D        | Killed a destroyer
    69 | D        | Reached skill level 27 in Conjurations
    69 | D        | Killed a meat beast
    69 | D        | Killed an accursed
    70 | D        | Reached skill level 27 in Hexes
    70 | D        | Reached XP level 27. HP: 257/273 MP: 22/53
    71 | D        | Noticed a dread
    72 | D        | Noticed a meat beast
    75 | D        | Noticed a meat beast
    76 | D        | Killed a meat beast
    77 | D        | Reached skill level 27 in Summonings
    77 | D        | Reached skill level 27 in Necromancy
    77 | D        | Killed a destroyer
    78 | D        | Killed a meat beast
    78 | D        | Noticed a meat beast
    79 | D        | Reached skill level 27 in Transmutations
    80 | D        | Reached skill level 27 in Translocations
    80 | D        | Noticed a large bag of meat
    81 | D        | Killed a dread
    81 | D        | Killed a meat beast
    81 | D        | Noticed a meat beast
    85 | D        | Killed an accursed
    85 | D        | Noticed a meat beast
    86 | D        | Noticed a meat beast
    87 | D        | Killed a meat beast
    87 | D        | Killed a meat beast
    88 | D        | Reached skill level 27 in Fire Magic
    88 | D        | Reached skill level 27 in Ice Magic
    89 | D        | Noticed a tyrant
    89 | D        | Noticed a tyrant
    90 | D        | Killed a meat beast
    91 | D        | Reached skill level 27 in Earth Magic
    92 | D        | Noticed an accursed
    93 | D        | Killed a large bag of meat
    93 | D        | HP: 11/273 [spore (30)]
    93 | D        | Engulfed by a cloud of flame

Illustrated notes

Levels and vault maps discovered:
D:        meatsprint

Skill      XL: |  1  2  3  4  5  6  7  8  9 10 11 12 13 14 15 16 17 18 19 20 21 22 23 24 25 26 27 |
---------------+----------------------------------------------------------------------------------+-----
Fighting       | 19 21 23 25 27 | 27.0
Axes           | 19 22 24 25 27 | 27.0
Armour         | 10 11 12 13 18 24 27 | 27.0
Dodging        | 9 11 12 17 23 27 | 27.0
Short Blades   | 6 10 14 17 20 23 25 27 | 27.0
Long Blades    | 7 11 16 18 21 25 27 | 27.0
Maces & Flails | 7 11 16 18 21 25 27 | 27.0
Polearms       | 7 11 16 18 21 25 27 | 27.0
Staves         | 7 10 15 17 20 23 26 27 | 27.0
Ranged Weapons | 6 10 14 16 19 22 24 27 | 27.0
Throwing       | 5 9 13 15 17 20 22 27 | 27.0
Stealth        | 5 8 12 13 16 19 21 26 27 | 27.0
Shields        | 7 10 15 17 20 23 26 27 | 27.0
Unarmed Combat | 6 10 14 16 19 22 24 27 | 27.0
Invocations    | 5 9 13 15 17 20 22 27 | 27.0
Evocations     | 5 8 12 13 16 19 21 26 27 | 27.0
Spellcasting   | 27 | 27.0
Conjurations   | 1 12 24 27 | 27.0
Hexes          | 1 10 22 27 | 27.0
Summonings     | 1 11 22 27 | 27.0
Necromancy     | 1 11 22 27 | 27.0
Translocations | 1 11 27 | 27.0
Transmutations | 1 12 27 | 27.0
Fire Magic     | 1 11 27 | 27.0
Ice Magic      | 1 11 27 | 27.0
Air Magic      | 1 11 26 | 26.1
Earth Magic    | 1 12 27 | 27.0
Poison Magic   | 1 11 25 | 25.9

Action                   |  1- 3 |  4- 6 |  7- 9 | 10-12 | 13-15 | 16-18 | 19-21 | 22-24 | 25-27 || total
-------------------------+-------+-------+-------+-------+-------+-------+-------+-------+-------++-------
Melee: Executioner's axe |     1 |       |       |     3 |     7 |     9 |    12 |    11 |    22 ||    65
Dodge: Dodged            |       |       |       |       |       |       |     1 |       |     1 ||     2

Table legend: (Time is in decaauts)
 A = Elapsed time spent in this place.
 B = Non-inter-level travel time spent in this place.
 C = Inter-level travel time spent in this place.
 D = Time resting spent in this place.
 E = Time spent auto-exploring this place.
 F = Levels seen in this place.
 G = Mean time per level.
                   A        B        C        D        E       F      G
               +--------+--------+--------+--------+--------+-----+--------+
         Total |     77 |     77 |      0 |      0 |      0 |   1 |   77.0 |
       Dungeon |     77 |     77 |      0 |      0 |      0 |   1 |   77.0 |
               +--------+--------+--------+--------+--------+-----+--------+

Top non-repeatable levels by time:
       D: 77 daAuts
